AoeStats
← Exist2Destroy

Fortress

508746739Analyzed
3v3 RM · 10d ago on Sep 23, 2026· 17m 12s· 6 players
Game mode
Random Map
Map size
Large (8 player)
Population
200
Speed
Normal
Resources
Standard
Victory
Conquest
Starting age
Dark Age
Ending age
Imperial Age
RankedLock teamsTeams togetherTeam positionsShared explorationLock speedFull tech treeHidden civsTurbo modeCheats
Victory
Defeat
🇺🇸 Spanish · United States
1378
+14
🇪🇸 Maya · Spain
1277
+18
🇲🇽 Poles · Mexico
1260
+18
🇩🇪 Lithuanians · Germany
1348
-18
🇨🇳 Danes · China
1314
-16
1299
-16
绵绵
7:27 Feudal Age
11:07 Castle Age
9:17 Horse Collar
10:02 Double-Bit Axe
12:13 Bow Saw
12:46 Heavy Plow
17:42 Wheelbarrow
16:55 Loom
16:55 Town Watch
Exist2Destroy
7:30 Feudal Age
8:11 Double-Bit Axe
8:28 Horse Collar
12:20 Castle Age
13:29 Bloodlines
13:20 Husbandry
13:32 Scale Barding Armor
13:56 Husbandry
16:13 Gold Mining
16:17 Loom
斷頭將軍拒當逃兵
0:28 Loom
7:18 Feudal Age
11:49 Castle Age
9:58 Double-Bit Axe
10:10 Horse Collar
12:58 Bow Saw
mikeymazko
8:12 Feudal Age
9:18 Double-Bit Axe
9:21 Horse Collar
12:02 Castle Age
13:09 Bow Saw
14:21 Wheelbarrow
14:01 Heavy Plow
16:32 Loom
GUILLOTINA
6:45 Feudal Age
5:34 Loom
11:33 Castle Age
9:52 Double-Bit Axe
11:23 Horse Collar
13:19 Bow Saw
Cassalleta
7:35 Feudal Age
12:43 Castle Age
11:24 Double-Bit Axe
12:02 Horse Collar
14:50 Fletching
15:26 Bodkin Arrow
16:07 Padded Archer Armor
16:07 Gold Mining
16:29 Bow Saw
Connection lost

Rejoining the realm…

Still unreachable

The connection could not be restored.

Session expired

The server has moved on; the page needs a fresh start.